 Dungeon Crawl Stone Soup version 0.30.0-29-ga12c61a403 (webtiles) character file.

Game seed: 6683067119177033926

270995 Levsong the Warrior (level 19, -27/191 HPs)
             Began as an Armataur Fighter on June 24, 2023.
             Was the Champion of Qazlal.
             Annihilated by a tengu reaver simulacrum (48 damage)
             ... on level 3 of the Depths.
             The game lasted 02:27:51 (43871 turns).

Levsong the Warrior (Armataur Fighter)             Turns: 43871, Time: 02:27:52

Health: -27/191    AC: 28    Str: 29    XL:     19   Next: 44%
Magic:  0/32       EV: 11    Int: 12    God:    Qazlal [******]
Gold:   1372       SH: 24    Dex: 16    Spells: 18/18 levels left

rFire   + . .        N - +6 long sword of Bodily Harmony {drain, rPois rC- rN++ Stlth+}
rCold   . . .        s - +2 kite shield
rNeg    + + .        H - +4 moon troll leather armour {Spirit, Regen++ MP+5}
rPois   +            p - +0 helmet
rElec   +            O - +1 cloak {Stlth+}
rCorr   +            k - +0 pair of gloves
SInv    +            B - +4 barding
Will    +....        b - amulet "Qibbemont" {Acrobat rPois Int+3 SInv}
Stlth   +            l - +6 ring of strength
HPRegen 2.11/turn    M - ring of resist corrosion
MPRegen 0.23/turn

%: repel missiles, acrobat, guardian spirit, roll
@: resistant, protected from electricity, hasted, studying Poison Magic, very
quick
A: large, rugged brown scales 3, deformed body, armoured tail, roll, long
tongue, awkward tongue, hooves 1, subdued magic 1
}: 2/15 runes: barnacled, gossamer
a: Renounce Religion, Upheaval, Elemental Force, Disaster Area


You were on level 3 of the Depths.
You worshipped Qazlal.
Qazlal was exalted by your worship.
You visited 6 branches of the dungeon, and saw 33 of its levels.
You visited 2 bazaars.
You also visited: Bailey.

You collected 4208 gold pieces.
You spent 2836 gold pieces at shops.

Inventory:

Hand Weapons
 c - a +5 scimitar of flaming
 N - the +6 long sword of Bodily Harmony (weapon) {drain, rPois rC- rN++ Stlth+}
   (You found it on level 1 of the Shoals)

   rC:        It makes you vulnerable to cold.
   rPois:     It protects you from poison.
   rN:        It greatly protects you from negative energy.
   Stlth:     It makes you more stealthy.
Missiles
 D - 6 throwing nets (quivered)
Armour
 k - a +0 pair of gloves (worn)
 p - a +0 helmet (worn)
 s - a +2 kite shield (worn)
 B - a +4 barding (worn)
 H - the +4 moon troll leather armour (worn) {Spirit, Regen++ MP+5}
   (You found it in a bailey)

   MP:        It affects your magic capacity (+5).
   Regen:     It increases your rate of health regeneration.
 O - a +1 cloak of stealth (worn)
 Z - the scarf "Paimat" {repulsion, -Tele rElec rPois Will++}
   (You found it on level 4 of the Spider Nest)

   rElec:     It insulates you from electricity.
   rPois:     It protects you from poison.
   -Tele:     It prevents most forms of teleportation.
   Will:      It greatly increases your willpower.
Jewellery
 b - the amulet "Qibbemont" (around neck) {Acrobat rPois Int+3 SInv}
   (You found it on level 4 of the Shoals)

   [amulet of the acrobat]

   It increases your evasion while moving and waiting.
   Int:       It affects your intelligence (+3).
   rPois:     It protects you from poison.
   SInv:      It lets you see invisible.
 i - the macabre finger necklace {Finger+ rN+}
   (You found it on level 3 of the Lair of Beasts)

   [amulet of nothing]

   Finger+:   It enables you to equip an extra ring.
   rN:        It protects you from negative energy.
 l - a +6 ring of strength (left hand)
 o - a ring of protection from cold
 r - the ring "Riat" {rPois rN+ MP+9 Str+2 Stlth-}
   (You found it on level 5 of the Lair of Beasts)

   [ring of magical power]

   Str:       It affects your strength (+2).
   rPois:     It protects you from poison.
   rN:        It protects you from negative energy.
   MP:        It affects your magic capacity (+9).
   Stlth:     It makes you less stealthy.
 A - a ring of poison resistance
 G - an amulet of regeneration
 I - a +6 ring of strength
 M - a ring of resist corrosion (right hand)
 R - a ring of flight
 W - the ring "Fopouben" {rPois SInv}
   (You bought it in a shop in a bazaar)

   [ring of poison resistance]

   rPois:     It protects you from poison.
   SInv:      It lets you see invisible.
Wands
 g - a wand of mindburst (9)
 j - a wand of charming (28)
 q - a wand of roots (10)
 x - a wand of flame (77)
 T - a wand of digging (12)
 V - a wand of acid (24)
Scrolls
 d - 5 scrolls of fear
 e - 10 scrolls of teleportation
 v - 4 scrolls of immolation
 C - 2 scrolls of fog
 J - a scroll of butterflies
 K - a scroll of brand weapon
 P - 8 scrolls of poison
Potions
 f - 9 potions of flight
 h - 2 potions of berserk rage
 m - 5 potions of lignification
 n - 2 potions of magic
 w - a potion of cancellation
 z - 6 potions of curing
 L - 3 potions of might
 S - 5 potions of ambrosia
 X - a potion of brilliance
 Y - a potion of haste
Miscellaneous
 u - a phial of floods (inert)
 y - a condenser vane
 E - a box of beasts (inert)
 U - a lightning rod (4/4)


   Skills:
 * Level 18.2 Fighting
 + Level 17.0 Long Blades
 - Level 4.1 Throwing
 + Level 14.8 Armour
 + Level 7.6 Dodging
 + Level 15.4 Shields
 + Level 11.3 Invocations
 - Level 7.1 Evocations


You had 18 spell levels left.
You didn't know any spells.
Your spell library contained the following spells:

 Spells                   Type           Power      Damage    Failure   Level
 Freeze                   Ice            0%         1d3       38%         1
 Magic Dart               Conj           0%         1d3       38%         1
 Sandblast                Erth           0%         2d4       38%         1
 Sting                    Tmut/Pois      0%         1d3       38%         1
 Blink                    Tloc           0%         N/A       54%         2
 Ensorcelled Hibernation  Hex/Ice        0%         N/A       54%         2
 Lesser Beckoning         Tloc           0%         N/A       54%         2
 Momentum Strike          Conj/Tloc      0%         3d8       54%         2
 Passwall                 Tmut/Erth      0%         N/A       54%         2
 Poisonous Vapours        Pois/Air       0%         N/A       54%         2
 Searing Ray              Conj           0%         2d4       54%         2
 Static Discharge         Conj/Air       0%         2-2/arc   54%         2
 Frozen Ramparts          Ice            0%         1d1       78%         3
 Hailstorm                Conj/Ice       0%         3d3       78%         3
 Inner Flame              Hex/Fire       0%         N/A       78%         3
 Spider Form              Tmut/Pois      0%         N/A       78%         3
 Stone Arrow              Conj/Erth      0%         3d7       78%         3
 Swiftness                Air            0%         N/A       78%         3
 Airstrike                Air            0%         2d(0-16)  99%         4
 Anguish                  Hex/Necr       0%         N/A       99%         4
 Animate Armour           Summ/Erth      0%         N/A       99%         4
 Cause Fear               Hex            0%         N/A       99%         4
 Flame Wave               Conj/Fire      0%         2d4       99%         4
 Fulminant Prism          Conj/Hex       0%         3d5       99%         4
 Ice Form                 Ice/Tmut       0%         N/A       99%         4
 Leda's Liquefaction      Hex/Erth       0%         N/A       99%         4
 Olgreb's Toxic Radiance  Pois           0%         N/A       99%         4
 Petrify                  Tmut/Erth      0%         N/A       99%         4
 Sticky Flame             Conj/Fire      0%         2d3       99%         4
 Summon Lightning Spire   Summ/Air       0%         N/A       99%         4
 Alistair's Intoxication  Tmut/Pois      0%         N/A       100%        5
 Blade Hands              Tmut           0%         N/A       100%        5
 Borgnjor's Vile Clutch   Necr/Erth      0%         N/A       100%        5
 Lee's Rapid Deconstruct  Erth           0%         3d4*      100%        5
 Metabolic Englaciation   Hex/Ice        0%         N/A       100%        5
 Silence                  Hex/Air        0%         N/A       100%        5
 Eringya's Noxious Bog    Tmut/Pois      0%         N/A       100%        6
 Iron Shot                Conj/Erth      0%         9d1       100%        6
 Simulacrum               Ice/Necr       0%         N/A       100%        6
 Statue Form              Tmut/Erth      0%         N/A       100%        6
 Dragon Form              Tmut           0%         N/A       100%        7
 Enfeeble                 Hex            0%         N/A       100%        7
 Lehudib's Crystal Spear  Conj/Erth      0%         10d2      100%        8
 Dragon's Call            Summ           0%         N/A       100%        9


Dungeon Overview and Level Annotations

Branches:
Dungeon (15/15)            Temple (0/1) D:4            Lair (5/5) D:8
 Shoals (4/4) Lair:2       Spider (4/4) Lair:3        Slime (0/5) Lair:4
    Orc (2/2) D:12            Elf (0/3) Orc:2        Vaults (0/5) D:13
 Depths (3/4) D:15         Bailey (visited)

Altars:
Ashenzari
Fedhas
Gozag
Hepliaklqana
Kikubaaqudgha
Makhleb
Nemelex Xobeh
Qazlal
Ru
Sif Muna
Trog
Vehumet
Yredelemnul
Zin
The Shining One
Jiyva

Shops:
D:3 (   Orc:1 =   Orc:2 (=:   Shoals:2 ?   Depths:1 =*

Portals:
Hell: Depths:1 Depths:2
Abyss: Depths:3
Pandemonium: Depths:2
Ziggurat: Depths:1

Annotations:
D:14 1 runed translucent door
Lair:3 2 transporters, exclusion: oklob plant, ChadusMaximus's ghost, journeyman BaSu
Spider:3 1 runed translucent door, Tacit's ghost, journeyman GrMo
Depths:1 4 transporters


Innate Abilities, Weirdness & Mutations

You are completely covered in rugged brown scales. (AC +3, +7% HP)
Armour fits poorly on your strangely shaped body.
You have a long armoured tail.
You roll when moving toward enemies. (Rampage)
Your long tongue fully drains potion bottles. (2x potion effects)
Your tongue gives you trouble enunciating. (1.5x scroll delay)
You have large cloven feet.
Your spells are a little easier to cast, but a little less powerful.


Message History

You feel protected from physical attacks.
Unknown command.
You barely miss the quicksilver dragon zombie.
You kick the quicksilver dragon zombie, but do no damage.
You tail-slap the quicksilver dragon zombie.
You destroy the quicksilver dragon zombie!
Qazlal accepts your kill.
The spark wasp is engulfed in freezing vapours.
The spark wasp stings you but does no damage.
A spark wasp comes into view.
You block the juggernaut skeleton's attack. x2
You hit the tengu reaver simulacrum. You kick the tengu reaver simulacrum!
The tengu reaver simulacrum is moderately damaged.
The spark wasp is engulfed in freezing vapours.
The spark wasp stings you!
* * * LOW HITPOINT WARNING * * *
The spark wasp shocks you. You resist.
Your resistance to physical damage fades away.
You feel protected from electricity.
* * * LOW HITPOINT WARNING * * *
The spark wasp is engulfed in freezing vapours.
You block the spark wasp's attack.
You barely miss the tengu reaver simulacrum.
Your kick misses the tengu reaver simulacrum.
The tengu reaver simulacrum is moderately damaged.
The spark wasp bursts into living lightning!
The living lightning hits the spark wasp.
The spark wasp completely resists.
The living lightning hits you. You resist.
* * * LOW HITPOINT WARNING * * *
The spark wasp blinks! x3
A spark wasp comes into view.
The tengu reaver simulacrum hits you but does no damage.
You block the tengu reaver simulacrum's attack. x2
The spark wasp is engulfed in freezing vapours.
You feel yourself speed up.
You slurp down every last drop of the potion of haste!
You block the spark wasp's attack. The tengu reaver simulacrum hits you!
* * * LOW HITPOINT WARNING * * *
The tengu reaver simulacrum freezes you!!!
You die...

....#
#y.(#
#[..#
#...#
#...#
#§§.#
#.Zy#
#○y@#
######.§Z#
......§.##
#........
#........
#.)......
#........
.........
##........


You could see 3 spark wasps, a tengu reaver simulacrum and a juggernaut
skeleton.

Vanquished Creatures
  Nikola (Spider:2)
  Rupert (Spider:1)
  Mlioglotl (Shoals:1)
  A lich (D:14)
  An ancient champion (Depths:1)
  A sphinx (Depths:2)
  Polyphemus (Shoals:2)
  Agnes (Spider:1)
  Kirke (D:13)
  2 tengu reavers
  Roxanne (D:15)
  3 fire giants
  2 frost giants
  A balrug (Depths:1)
  2 iron dragons
  12 emperor scorpions
  6 ghost moths
  The ghost of Jaliuk the Eclecticist, a journeyman DECj of Vehumet (D:14)
  A caustic shrike zombie (D:15)
  15 very ugly things
  Nessos (D:12)
  A broodmother (Spider:4)
  4 stone giants
  A vampire knight (Depths:1)
  2 caustic shrike skeletons
  Azrael (D:14)
  9 spark wasps
  An ettin (Depths:2)
  2 quicksilver dragon zombies
  2 entropy weavers
  Josephine (D:10)
  A fire dragon (Depths:2)
  6 merfolk impalers
  3 merfolk javelineers
  Erolcha (D:10)
  Fannar (D:11)
  A hydra (Lair:4)
  4 ice dragons
  A hell beast (Depths:1)
  A rakshasa (Depths:1)
  3 ogre magi (Orc:2)
  2 jorogumos
  6 two-headed ogres
  5 merfolk aquamancers
  Erica (D:11)
  2 catoblepae
  An alligator snapping turtle (Shoals:3)
  7 centaur warriors
  3 merfolk avatars
  3 deep troll shamans (Depths:1)
  4 boulder beetles
  A death knight (D:15)
  4 death yaks (Shoals:2)
  3 radroaches
  3 satyrs (Shoals:4)
  A titan zombie (Depths:2)
  A vampire mage (D:15)
  A spriggan berserker (Depths:1)
  7 tengu warriors
  8 deep troll earth magi
  2 orc high priests (Orc:2)
  Nergalle (Orc:2)
  2 sun demons (Shoals:2)
  5 pharaoh ants
  Lodul (D:11)
  4 iron trolls (Depths:2)
  3 skysharks
  4 sun moths
  18 deep trolls
  7 orb spiders
  12 sea snakes
  A quicksilver dragon simulacrum (Depths:1)
  6 skeletal warriors
  A spark wasp zombie (Depths:2)
  A flayed ghost (Depths:2)
  3 wizards
  A spriggan simulacrum (Depths:3)
  9 steelbarb worms
  12 harpies
  A deep elf pyromancer (Depths:2)
  14 wolf spiders
  21 ugly things
  5 necromancers
  20 fauns
  An orc knight (D:15)
  A stone giant zombie (D:15)
  17 manticores
  8 orc sorcerers (Orc:2)
  5 moths of wrath
  Maurice (D:8)
  7 cyclopes
  A frost giant zombie (D:15)
  A salamander (shapeshifter) (Depths:1)
  2 ice statues (Shoals:2)
  A stone giant skeleton (Depths:1)
  5 elephants (Lair:3)
  3 black mambas
  15 merfolk sirens
  4 gargoyles
  11 cane toads
  8 demonic crawlers
  6 water nymphs
  An orange demon (Lair:3)
  An unseen horror (D:12)
  4 torpor snails
  4 rime drakes
  An efreet (D:14)
  2 kobold demonologists
  6 komodo dragons
  A spark wasp simulacrum (Depths:2)
  A tengu conjurer (Depths:1)
  3 meliai (Spider:1)
  4 polar bears
  13 trolls
  5 hornets
  26 tarantellas
  19 merfolk
  9 wind drakes
  Prince Ribbit (D:5)
  8 blink frogs
  A wolf spider simulacrum (D:14)
  11 dream sheep
  5 slime creatures
  4 snapping turtles
  12 spriggans (Lair:5)
  20 culicivoras
  14 jumping spiders
  3 vampires
  30 yaks
  A shadow (D:11)
  2 wyverns
  7 wraiths
  Eustachio (D:4)
  4 water elementals
  A fire elemental (D:14)
  2 hogs (D:13)
  53 redbacks
  2 humans (D:13)
  2 steam dragons
  3 basilisks
  Edmund (D:4)
  3 vampire mosquitoes (D:8)
  3 wargs
  A glowing shapeshifter zombie (D:15)
  14 water moccasins
  3 acid dragons
  6 hell hounds (D:14)
  12 orc warriors
  8 black bears
  An ettin simulacrum (Depths:1)
  12 ogres
  8 boggarts
  2 centaurs
  37 wolves
  A phantom (D:5)
  3 kobold brigands
  2 earth elementals (Depths:2)
  8 bullfrogs
  A gnoll sergeant (D:6)
  4 scorpions
  11 wights
  7 howler monkeys
  9 vampire bats (Bailey)
  3 electric eels (Lair:4)
  5 wolf zombies (Bailey)
  10 orc priests
  2 hounds (D:5)
  A quasit (D:7)
  2 gnoll boudas
  9 jellies
  4 iguanas
  A sleepcap (D:4)
  Ijyb (D:4)
  6 hell rats (Lair:4)
  Natasha (D:3)
  33 orc wizards
  7 adders
  21 gnolls
  4 white imps
  6 ufetubi
  A worm (D:2)
  4 dart slugs
  90 orcs
  10 ball pythons
  9 endoplasms
  3 giant cockroaches
  9 goblins
  7 hobgoblins
  9 jackals
  5 quokkas
  5 bats
  4 frilled lizards
  16 kobolds
  23 orc zombies (Bailey)
  4 rats
  2 butterflies (Lair:1)
  A starspawn tentacle (Shoals:1)
1178 creatures vanquished.

Vanquished Creatures (collateral kills)
  A merfolk javelineer (Shoals:4)
  A boulder beetle (Spider:4)
  A vampire mage (Depths:1)
  2 deep troll earth magi (Depths:1)
  Amaemon (Lair:3)
  A skyshark (Shoals:1)
  A sea snake (Shoals:4)
  A deep troll (Depths:2)
  A steelbarb worm (Spider:4)
  A sphinx zombie (Depths:3)
  3 harpies
  2 ugly things (D:14)
  A golden dragon simulacrum (Depths:3)
  A tarantella (Spider:4)
  2 snapping turtles (Shoals:4)
  A redback (Spider:4)
21 creatures vanquished.

Vanquished Creatures (others)
  A fire giant (Depths:2)
  An entropy weaver (Spider:4)
  A sea snake (Shoals:4)
  A boggart (D:14)
  An orc priest (Orc:2)
  A gnoll bouda (Orc:2)
  An orc wizard (Orc:2)
  A gnoll (Orc:2)
  2 starspawn tentacles (Shoals:1)
10 creatures vanquished.

Grand Total: 1209 creatures vanquished

Notes
Turn   | Place    | Note
-------+----------+-------------------------------------------
     0 | D:1      | Levsong the Armataur Fighter began the quest for the Orb.
     0 | D:1      | Reached XP level 1. HP: 19/19 MP: 1/1
    93 | D:1      | Reached XP level 2. HP: 22/26 MP: 2/2
   763 | D:2      | Reached XP level 3. HP: 32/32 MP: 3/3
  1179 | D:2      | Reached XP level 4. HP: 15/39 MP: 4/4
  1389 | D:2      | Got the Atlas of the Hierophant
  1502 | D:2      | Found a faded altar of an unknown god.
  1514 | D:2      | Prayed at the altar of an unknown god.
  1514 | D:2      | Became a worshipper of Qazlal Stormbringer
  1514 | D:2      | Reached * piety under Qazlal
  2072 | D:3      | Found Gonyrroc's Antique Weapon Shop.
  2099 | D:3      | Reached XP level 5. HP: 44/44 MP: 5/5
  2470 | D:3      | Noticed Natasha
  2471 | D:3      | Reached ** piety under Qazlal
  2477 | D:3      | Killed Natasha
  2478 | D:3      | Reached skill level 5 in Long Blades
  2914 | D:4      | Noticed a black bear
  2935 | D:4      | Killed a black bear
  2936 | D:4      | Reached XP level 6. HP: 14/53 MP: 6/6
  3207 | D:4      | Noticed Eustachio
  3212 | D:4      | Killed Eustachio
  3484 | D:4      | Noticed Edmund
  3886 | D:4      | Killed Edmund
  3887 | D:4      | Reached XP level 7. HP: 42/59 MP: 7/7
  3956 | D:4      | Noticed Ijyb
  3962 | D:4      | Killed Ijyb
  4502 | D:4      | Found a staircase to the Ecumenical Temple.
  4792 | D:5      | Entered Level 5 of the Dungeon
  4941 | D:5      | Reached skill level 3 in Fighting
  5132 | D:5      | Found the +18 Lear's hauberk
  5204 | D:5      | Reached *** piety under Qazlal
  5408 | D:5      | Reached XP level 8. HP: 36/67 MP: 8/8
  5602 | D:5      | Reached skill level 5 in Armour
  5774 | D:5      | Found a sacrificial altar of Ru.
  5856 | D:5      | Noticed Prince Ribbit
  5871 | D:5      | Reached skill level 4 in Fighting
  5886 | D:5      | Killed Prince Ribbit
  6395 | D:6      | Reached XP level 9. HP: 40/76 MP: 9/9
  6715 | D:6      | Reached skill level 5 in Fighting
  6984 | D:6      | Identified the +5 rapier "Xuvveng" {flame, rN+ Stlth+}
  7176 | D:6      | Reached skill level 1 in Invocations
  7303 | D:7      | Found an opulent altar of Gozag.
  7569 | D:7      | Reached skill level 10 in Long Blades
  7707 | D:7      | Reached **** piety under Qazlal
  8191 | D:8      | Noticed a troll
  8216 | D:7      | Killed a troll
  8692 | D:8      | Reached XP level 10. HP: 88/88 MP: 12/12
  8704 | D:8      | Reached skill level 6 in Fighting
  8706 | D:8      | Found a flagged portal.
  8715 | D:8      | Identified the +4 halberd "Empemusm" {protect, Str+3}
  8743 | Bailey   | Entered a bailey
  9024 | Bailey   | Reached ***** piety under Qazlal
  9028 | Bailey   | Noticed a gargoyle
  9049 | Bailey   | Killed a gargoyle
  9536 | Bailey   | Found the +4 moon troll leather armour {Spirit, Regen++
                  | MP+5}
  9540 | Bailey   | Identified the +5 ring mail "Fualuot" {rElec rN+}
  9820 | D:8      | Noticed Maurice
  9848 | D:8      | Killed Maurice
  9960 | D:8      | Found a glowing silver altar of Zin.
 10014 | D:8      | Found a basalt altar of Yredelemnul.
 10148 | D:8      | Found a staircase to the Lair.
 10185 | D:8      | Found a blossoming altar of Fedhas.
 10890 | D:9      | Found an ancient bone altar of Kikubaaqudgha.
 10890 | D:9      | Found a glowing golden altar of the Shining One.
 10890 | D:9      | Found a hazy altar of Hepliaklqana.
 10895 | D:9      | Found a shimmering blue altar of Sif Muna.
 10901 | D:9      | Found a broken altar of Ashenzari.
 10901 | D:9      | Found a burning altar of Makhleb.
 10905 | D:9      | Found a bloodstained altar of Trog.
 10906 | D:9      | Found a stormy altar of Qazlal.
 10951 | D:9      | Paralysed by a hornet for 2 turns
 11148 | D:10     | Entered Level 10 of the Dungeon
 11148 | D:10     | Noticed Josephine
 11197 | D:10     | Noticed a two-headed ogre
 11207 | D:10     | Killed a two-headed ogre
 11208 | D:10     | Reached skill level 7 in Fighting
 11208 | D:10     | Reached skill level 5 in Invocations
 11268 | D:10     | Noticed Erolcha
 11285 | D:10     | Killed Erolcha
 11286 | D:10     | Reached XP level 11. HP: 95/98 MP: 14/14
 11497 | D:10     | Killed Josephine
 11625 | D:10     | Identified the +2 ring mail of Midsummer {rF+}
 12016 | D:11     | Noticed a two-headed ogre
 12032 | D:11     | Killed a two-headed ogre
 12033 | D:11     | Reached skill level 10 in Armour
 12139 | D:11     | Noticed a two-headed ogre
 12140 | D:11     | You fall into a shaft and drop 2 floors!
 12158 | D:13     | Noticed a centaur warrior
 12182 | D:13     | Killed a centaur warrior
 12257 | D:13     | Noticed a centaur warrior
 12267 | D:13     | Killed a centaur warrior
 12283 | D:12     | Noticed a two-headed ogre
 12296 | D:12     | Killed a two-headed ogre
 12337 | D:12     | Noticed a boulder beetle
 12413 | D:12     | Killed a boulder beetle
 12414 | D:12     | Reached skill level 8 in Fighting
 12780 | D:11     | Noticed a two-headed ogre
 12793 | D:11     | Killed a two-headed ogre
 12794 | D:11     | Reached XP level 12. HP: 106/109 MP: 17/17
 12813 | D:11     | Killed a two-headed ogre
 12942 | D:12     | Found a flickering gateway to a bazaar.
 13037 | D:12     | Noticed Nessos
 13058 | D:12     | Killed Nessos
 13210 | D:12     | Found a staircase to the Orcish Mines.
 13758 | Bazaar   | Entered a bazaar
 13758 | Bazaar   | Found Xaowkuch's Book Boutique.
 13758 | Bazaar   | Found Rill's Distillery.
 13760 | Bazaar   | Found Hadoty's Assorted Antiques.
 13764 | Bazaar   | Found Ceure's Jewellery Boutique.
 13770 | Bazaar   | Bought a puce potion for 17 gold pieces
 13770 | Bazaar   | Bought a potion of curing for 57 gold pieces
 13770 | Bazaar   | Bought a scroll labelled OHENECVU UCOHAR for 19 gold pieces
 13778 | Bazaar   | Found Ciwky's Book Boutique.
 13784 | Bazaar   | Found Koinat's Magic Scroll Shoppe.
 13791 | Bazaar   | Bought a scroll of blinking for 90 gold pieces
 13791 | Bazaar   | Bought a scroll of enchant weapon for 90 gold pieces
 13791 | Bazaar   | Bought a scroll of fear for 48 gold pieces
 13791 | Bazaar   | Bought a scroll of identify for 24 gold pieces
 13791 | Bazaar   | Bought a scroll of blinking for 90 gold pieces
 13791 | Bazaar   | Bought a scroll of identify for 24 gold pieces
 13960 | D:11     | Noticed Fannar
 13982 | D:11     | Killed Fannar
 14047 | D:11     | Noticed Erica
 14061 | D:11     | Killed Erica
 14239 | D:11     | Noticed a boulder beetle
 14276 | D:11     | Killed a boulder beetle
 14277 | D:11     | Reached skill level 9 in Fighting
 14327 | D:11     | Noticed Lodul
 14347 | D:11     | Killed Lodul
 14348 | D:11     | Reached skill level 5 in Shields
 14366 | D:11     | Reached ****** piety under Qazlal
 14657 | Lair:1   | Entered Level 1 of the Lair of Beasts
 15751 | Lair:2   | Reached XP level 13. HP: 112/118 MP: 19/19
 15851 | Lair:2   | Found a staircase to the Shoals.
 16081 | Lair:2   | Found a gate leading to a gauntlet.
 16789 | Lair:3   | Reached skill level 1 in Evocations
 16796 | Lair:3   | Gained mutation: Your muscles are strong. (Str +4, Int/Dex
                  | -1) [potion of mutation]
 16796 | Lair:3   | Gained mutation: Your flesh is cold resistant. (rC+)
                  | [potion of mutation]
 16796 | Lair:3   | Gained mutation: Your mind is acute. (Int +4, Str/Dex -1)
                  | [potion of mutation]
 16797 | Lair:3   | Lost mutation: Your mind is acute. (Int +4, Str/Dex -1)
                  | [potion of mutation]
 16797 | Lair:3   | Lost mutation: Your flesh is cold resistant. (rC+) [potion
                  | of mutation]
 16797 | Lair:3   | Lost mutation: Your muscles are strong. (Str +4, Int/Dex
                  | -1) [potion of mutation]
 16797 | Lair:3   | Gained mutation: You possess an exceptional clarity of
                  | mind. [potion of mutation]
 16797 | Lair:3   | Gained mutation: Your spells are a little easier to cast,
                  | but a little less powerful. [potion of mutation]
 16797 | Lair:3   | Lost mutation: Your spells are a little easier to cast, but
                  | a little less powerful. [potion of mutation]
 16797 | Lair:3   | Lost mutation: You possess an exceptional clarity of mind.
                  | [potion of mutation]
 16797 | Lair:3   | Gained mutation: You have large cloven feet. [potion of
                  | mutation]
 16882 | Lair:3   | Noticed Amaemon
 16902 | Lair:3   | Killed Amaemon
 16937 | Lair:3   | Found the macabre finger necklace {Finger+ rN+}
 16981 | Lair:3   | Found a hole to the Spider Nest.
 17130 | Lair:3   | Identified a scroll of acquirement
 17134 | Lair:3   | Acquired the +8 demon blade "Leech" {evervamp, Harm Drain
                  | rN+}
 17134 | Lair:3   | Found the +8 demon blade "Leech" {evervamp, Harm Drain rN+}
 17358 | Lair:3   | Found a transporter.
 17374 | Lair:3   | Noticed ChadusMaximus's ghost (journeyman BaSu)
 17424 | Lair:3   | Found a transporter.
 17891 | Lair:4   | Reached skill level 10 in Fighting
 18128 | Lair:4   | Found a staircase to the Slime Pits.
 18133 | Lair:4   | Found a viscous altar of Jiyva.
 18920 | Lair:5   | Entered Level 5 of the Lair of Beasts
 19450 | Lair:5   | Reached skill level 11 in Fighting
 19471 | Lair:5   | Reached XP level 14. HP: 127/132 MP: 20/20
 19650 | Lair:5   | Paralysed by a hornet for 2 turns
 19670 | Lair:5   | Reached skill level 1 in Throwing
 20298 | Lair:5   | Identified the ring "Riat" {rPois rN+ MP+9 Str+2 Stlth-}
 20815 | D:13     | Noticed Kirke
 20836 | D:13     | Killed Kirke
 21005 | D:13     | Reached skill level 10 in Shields
 21903 | D:13     | Found a gate to the Vaults.
 22494 | D:14     | Reached skill level 12 in Fighting
 22531 | D:14     | Found a stormy altar of Qazlal.
 22740 | D:14     | Noticed Jaliuk's ghost (journeyman DECj)
 22742 | D:14     | Noticed a lich
 22743 | D:14     | Noticed a frost giant
 22789 | D:14     | Noticed Azrael
 22831 | D:14     | Killed Azrael
 23093 | D:14     | Found a runed translucent door.
 23095 | D:14     | Found a runed translucent door.
 23742 | D:14     | Killed a lich
 23765 | D:14     | Killed Jaliuk's ghost
 24016 | D:14     | Killed a frost giant
 24100 | D:15     | Entered Level 15 of the Dungeon
 24220 | D:15     | Reached skill level 13 in Fighting
 24240 | D:15     | Noticed Roxanne
 24278 | D:15     | Killed Roxanne
 24392 | D:15     | Reached XP level 15. HP: 128/144 MP: 21/21
 24695 | D:15     | Found a staircase to the Depths.
 24749 | D:15     | Found a sparkling altar of Nemelex Xobeh.
 25133 | Orc:1    | Entered Level 1 of the Orcish Mines
 25231 | Orc:1    | Found Ysirugo's Jewellery Boutique.
 25353 | Orc:2    | Entered Level 2 of the Orcish Mines
 25353 | Orc:2    | Found a staircase to the Elven Halls.
 25717 | Orc:2    | Found a flickering gateway to a bazaar.
 25766 | Bazaar   | Entered a bazaar
 25766 | Bazaar   | Found Jaihyjea's Book Emporium.
 25766 | Bazaar   | Found Bogg's Armour Shoppe.
 25766 | Bazaar   | Found Fufunk's Jewellery Shop.
 25768 | Bazaar   | Found Miakh's Magic Scroll Boutique.
 25859 | Bazaar   | Bought a scroll of identify for 18 gold pieces
 25859 | Bazaar   | Bought a scroll of teleportation for 27 gold pieces
 25859 | Bazaar   | Bought a scroll of enchant armour for 67 gold pieces
 25866 | Bazaar   | Bought the ring "Fopouben" {rPois SInv} for 530 gold pieces
 25866 | Bazaar   | Bought the amulet of Nuptis {Reflect Fragile rElec rPois
                  | Int-5 SH+5} for 545 gold pieces
 26189 | Orc:2    | Paralysed by an ogre mage for 2 turns
 26211 | Orc:2    | Noticed Nergalle
 26213 | Orc:2    | Reached skill level 1 in Dodging
 26215 | Orc:2    | Found an ancient bone altar of Kikubaaqudgha.
 26227 | Orc:2    | Killed Nergalle
 26277 | Orc:2    | Reached skill level 5 in Evocations
 26277 | Orc:2    | Found a radiant altar of Vehumet.
 26297 | Orc:2    | Found Ufif's Book Boutique.
 26339 | Orc:2    | Found Wurhiev's Distillery.
 26339 | Orc:2    | Found Akhloez's Jewellery Boutique.
 26380 | Orc:2    | Found Guecama's Antique Weapon Boutique.
 26382 | Orc:2    | Bought a potion of haste for 120 gold pieces
 26382 | Orc:2    | Bought a potion of haste for 120 gold pieces
 26382 | Orc:2    | Bought a potion of berserk rage for 60 gold pieces
 26382 | Orc:2    | Bought a potion of might for 48 gold pieces
 26382 | Orc:2    | Bought a potion of might for 48 gold pieces
 26382 | Orc:2    | Bought a potion of curing for 36 gold pieces
 26382 | Orc:2    | Bought a potion of lignification for 36 gold pieces
 26382 | Orc:2    | Bought a potion of berserk rage for 60 gold pieces
 26382 | Orc:2    | Bought a potion of degeneration for 12 gold pieces
 26967 | Spider:1 | Entered Level 1 of the Spider Nest
 27804 | Spider:1 | Reached skill level 15 in Long Blades
 27820 | Spider:1 | Reached skill level 14 in Fighting
 28090 | Spider:1 | Noticed Rupert
 28100 | Spider:1 | Killed Rupert
 28130 | Spider:1 | Noticed Agnes
 28146 | Spider:1 | Killed Agnes
 28722 | Spider:2 | Noticed an emperor scorpion
 28896 | Spider:2 | Killed an emperor scorpion
 29052 | Spider:2 | Noticed an emperor scorpion
 29233 | Spider:2 | Killed an emperor scorpion
 29239 | Spider:2 | Noticed Nikola
 29250 | Spider:2 | Killed Nikola
 29277 | Spider:2 | Noticed an emperor scorpion
 29282 | Spider:2 | Reached XP level 16. HP: 131/157 MP: 11/22
 31127 | Spider:3 | Reached skill level 15 in Fighting
 31314 | Spider:3 | Found a runed translucent door.
 31314 | Spider:3 | Noticed Tacit's ghost (journeyman GrMo)
 31959 | Spider:4 | Entered Level 4 of the Spider Nest
 33323 | Spider:4 | Reached XP level 17. HP: 167/167 MP: 24/24
 34058 | Spider:4 | Reached skill level 5 in Dodging
 34143 | Spider:4 | Identified the scarf of the Sea {harm, rElec rPois}
 34151 | Spider:4 | Identified the scarf "Paimat" {repulsion, -Tele rElec rPois
                  | Will++}
 34186 | Spider:4 | Got a gossamer rune of Zot
 34625 | Orc:1    | Bought a ring of flight for 245 gold pieces
 35024 | Shoals:1 | Entered Level 1 of the Shoals
 35028 | Shoals:1 | Noticed Mlioglotl
 35054 | Shoals:1 | Gained mutation: Your spells are a little easier to cast,
                  | but a little less powerful. [a neqoxec]
 35109 | Shoals:1 | Noticed a bone dragon
 35122 | Shoals:1 | Killed Mlioglotl
 35123 | Shoals:1 | Reached skill level 10 in Invocations
 35172 | Shoals:1 | Reached skill level 16 in Fighting
 35591 | Shoals:1 | Identified the +6 long sword of Bodily Harmony {drain,
                  | rPois rC- rN++ Stlth+}
 36239 | Shoals:2 | Noticed Polyphemus
 36271 | Shoals:2 | Killed Polyphemus
 36637 | Shoals:2 | Found Utwumivol's Magic Scroll Boutique.
 36649 | Shoals:2 | Bought a scroll of blinking for 120 gold pieces
 36649 | Shoals:2 | Bought a scroll of enchant armour for 120 gold pieces
 36796 | Shoals:2 | Found a frozen archway.
 38179 | Shoals:4 | Entered Level 4 of the Shoals
 38333 | Shoals:4 | Reached XP level 18. HP: 179/179 MP: 26/26
 38367 | Shoals:4 | Identified the amulet "Qibbemont" {Acrobat rPois Int+3
                  | SInv}
 39140 | Shoals:4 | Identified the ring "Earthly Heaven" {*Corrode Drain Fly
                  | rPois rN+++}
 39259 | Shoals:4 | Reached skill level 17 in Fighting
 39515 | Shoals:4 | Got a barnacled rune of Zot
 39850 | Depths:1 | Entered Level 1 of the Depths
 40470 | Depths:1 | Found Ufaluer's General Store.
 40472 | Depths:1 | Found Safaorik's Jewellery Shop.
 40475 | Depths:1 | Bought a scroll of blinking for 165 gold pieces
 40707 | Depths:1 | Found a transporter.
 40713 | Depths:1 | Found a transporter.
 40739 | Depths:1 | Found a transporter.
 40910 | Depths:1 | Found a one-way gateway to a ziggurat.
 40937 | Depths:1 | Found a transporter.
 41227 | Depths:1 | Found a gateway to Hell.
 41738 | Depths:2 | Reached skill level 15 in Shields
 41939 | Depths:2 | Reached XP level 19. HP: 182/191 MP: 27/27
 42201 | Depths:2 | Identified the +8 shortbow of Collusion {antimagic, Will+
                  | Str+3}
 42378 | Depths:2 | Reached skill level 18 in Fighting
 42532 | Depths:2 | Found a one-way gate leading to the halls of Pandemonium.
 43837 | Depths:3 | Found a one-way gate to the infinite horrors of the Abyss.
 43871 | Depths:3 | Annihilated by a tengu reaver simulacrum

Illustrated notes

Levels and vault maps discovered:
D:1:      minmay_arrival_cross, layout_basic, columned_hall_lemuel,
          serial_bayou_pond_b, minmay_misc_feat_x, minivault_5
D:2:      layout_basic, shapermc_ecumenical_altar_totnotflames,
          ebering_dispersal_statue_hall, amcnicky_mini_pool_small,
          chequers_serial_rivers_room_b
D:3:      wad_lake_hut, layout_loops_ring, serial_shops, shop, uniq_natasha
D:4:      layout_basic, minmay_temple_entry_poolview, serial_forest,
          infiniplex_forest_lined_room_2, infiniplex_forest_lined_3,
          infiniplex_forest_lined_room_2, infiniplex_forest_end_3,
          infiniplex_forest_straight_5, infiniplex_forest_zigzag_1,
          infiniplex_forest_end_3, uniq_eustachio, uniq_edmund, uniq_ijyb
D:5:      layout_basic, nicolae_overflow_hidden_temple, uniq_prince_ribbit1
D:6:      layout_basic
D:7:      layout_gridville, grunt_gozag_statues, hellmonk_bongcloud_opening
D:8:      layout_cave_pools, mainiacjoe_overflow_six_doors_small, zin_statuary,
          fedhas_altar_2, grunt_lair_entry_orc_guard_hut, serial_demonic,
          serial_demonic_c, serial_demonic_a, serial_demonic_a,
          serial_demonic_b, enter_bailey_2, uniq_maurice
D:9:      layout_roguey, nicolae_overflow_hallway_of_the_gods
D:10:     layout_long_grid, uniq_josephine, uniq_erolcha
D:11:     layout_roguey, uniq_erica, uniq_fannar, uniq_lodul
D:12:     layout_irregular_city, hiddenorc2_lemuel, serial_shops,
          bzr_entry_islet, uniq_nessos
D:13:     layout_cave_pods, david_vaults_1, uniq_kirke
D:14:     layout_roguey, muffindrake_ghost_dual_entry, grunt_qazlal_clouds,
          uniq_azrael
D:15:     gammafunk_depths_entry_grave, layout_small_grid,
          nemelex_xobeh_ov_fountains_minmay, uniq_roxanne
Lair:1:   layout_layer_cave, lemuel_fruit_fields, infiniplex_staircase_pool
Lair:2:   layout_small_grid, elwin_shoals_entry_stream, gauntlet_entry_generic,
          grunt_megastairs_5
Lair:3:   layout_chaotic_city, nicolae_spider_entry_lesser_pyramids,
          serial_forest, infiniplex_forest_lined_3,
          infiniplex_forest_clump_tiny, infiniplex_forest_clump_medium,
          infiniplex_forest_3_way, infiniplex_forest_clump_small,
          infiniplex_forest_straight_2, infiniplex_forest_end_3,
          nzn_ghost_randoct, infiniplex_staircase_pool_2, uniq_amaemon
Lair:4:   layout_cellular_growth, nicolae_slime_entry_field_trip,
          serial_bayou_shore_a, grunt_megastairs_4
Lair:5:   minmay_lair_end_enchanted_forest, layout_regular_city
Shoals:1: layout_shoals, uniq_mlioglotl
Shoals:2: layout_shoals, portal_ice_cave_entry_ice_statue_two,
          nicolae_stop_n_shop_2, nicolae_shoals_bring_sunscreen, uniq_polyphemus
Shoals:3: layout_shoals
Shoals:4: shoals_end_simple, layout_shoals
Spider:1: layout_chambers, drop_trap, hangedman_spider_tarantella_strand,
          uniq_agnes, uniq_rupert
Spider:2: nicolae_spider_hall_of_the_moth_king, uniq_nikola
Spider:3: layout_chambers, hellmonk_ghost_happy_afterlife
Spider:4: grunt_spider_rune_circles
Orc:1:    layout_diamond_mine, serial_shops, nicolae_shop_peninsula
Orc:2:    kennysheep_orc_mage_school, layout_caves, enter_volcano_4,
          serial_shops, bzr_entry_dummy, nicolae_orc_stony_grotto
Depths:1: layout_gridville, enter_ziggurat_a, grunt_mini_vestibule,
          mu_enter_wizlab_4, drop_trap, nicolae_transporter_intersection,
          minmay_shoptagon, grunt_megastairs_2
Depths:2: constructs_gauntlet_mu_hangedman, layout_gridlike,
          grunt_decor_arrowhead, grunt_hell_entry_dis_old,
          rand_demon_pan_entry_5, infiniplex_staircase_zigzag_2
Depths:3: lemuel_troll_bridge, layout_basic, hell_entry, nicolae_sextant,
          marbit_kobold_abyss_entry

Skill      XL: |  1  2  3  4  5  6  7  8  9 10 11 12 13 14 15 16 17 18 19 |
---------------+----------------------------------------------------------+-----
Long Blades    | 2 3 4 5 7 8 9 10 11 13 14 15 16 17 | 17.0
Armour         | 4 6 7 9 10 11 12 13 14 | 14.8
Fighting       | 3 4 5 7 8 9 11 13 14 15 16 17 18 | 18.2
Invocations    | 3 5 6 8 9 10 11 | 11.3
Shields        | 5 9 11 12 13 14 15 | 15.4
Evocations     | 2 3 6 7 |  7.1
Throwing       | 4 |  4.1
Dodging        | 3 4 6 7 |  7.6

Action                     |  1- 3 |  4- 6 |  7- 9 | 10-12 | 13-15 | 16-18 | 19-21 || total
---------------------------+-------+-------+-------+-------+-------+-------+-------++-------
  Melee: Long sword        |   107 |   156 |   278 |    50 |       |   871 |   387 ||  1849
         Tailslap          |     9 |    23 |    73 |   148 |   312 |   412 |   114 ||  1091
         Rapier            |       |       |   151 |   641 |       |       |       ||   792
         Scimitar          |       |       |       |   117 |  1560 |   762 |       ||  2439
         Kick              |       |       |       |       |   602 |   852 |   219 ||  1673
         Unarmed           |       |       |       |       |     1 |       |       ||     1
         Demon blade       |       |       |       |       |       |   151 |       ||   151
  Throw: Javelin           |       |     4 |     5 |     1 |       |       |       ||    10
         Throwing net      |       |       |     1 |     1 |       |    11 |       ||    13
 Invoke: Upheaval          |       |       |       |       |     2 |     1 |       ||     3
         Elemental Force   |       |       |       |       |     1 |     8 |     1 ||    10
         Disaster Area     |       |       |       |       |     3 |     3 |     1 ||     7
  Evoke: Wand              |       |       |    12 |       |     7 |    13 |       ||    32
         Piece from Xom's  |       |       |       |    14 |       |       |       ||    14
         Box of beasts     |       |       |       |     1 |     1 |     2 |       ||     4
         Lightning rod     |       |       |       |       |     1 |     5 |       ||     6
         Condenser vane    |       |       |       |       |       |     2 |       ||     2
         Phial of floods   |       |       |       |       |       |       |     1 ||     1
    Use: Potion            |     1 |     1 |     3 |     2 |    19 |    13 |     2 ||    41
         Scroll            |       |     6 |     6 |    11 |    20 |     7 |     2 ||    52
   Stab: Distracted        |       |       |       |     1 |     1 |     2 |     1 ||     5
         Held in net/web   |       |       |       |     1 |       |     2 |       ||     3
         Paralysed         |       |       |       |     3 |       |     8 |       ||    11
         Sleeping          |       |       |       |     1 |       |       |       ||     1
         Petrified         |       |       |       |       |     1 |     2 |       ||     3
         Invisible         |       |       |       |       |     6 |     1 |       ||     7
 Armour: Scale mail        |    61 |    16 |       |       |       |       |       ||    77
         Plate armour      |       |    56 |   196 |    57 |       |       |       ||   309
         Troll leather arm |       |       |       |   263 |   762 |   906 |   163 ||  2094
  Dodge: Dodged            |    45 |    42 |   171 |   328 |   326 |   536 |   123 ||  1571
         Repelled          |       |       |     1 |     4 |     5 |    17 |     1 ||    28
  Block: Buckler           |    23 |    49 |   239 |   520 |  1357 |  1734 |       ||  3922
         Reflection        |       |       |       |       |     5 |    51 |       ||    56
         Other             |       |       |       |       |     1 |       |       ||     1
         Kite shield       |       |       |       |       |       |   117 |   450 ||   567
